 Dungeon Crawl Stone Soup version 0.28.0-53-g5a82cb258f (webtiles) character file.

Game seed: 14052769996974552968

25 Stomo the Cutter (level 2, -4/23 HPs)
             Began as a Demonspawn Gladiator on July 4, 2022.
             Slain by Terence
             ... wielding a +1 falchion of electrocution
              (16 damage)
             ... on level 2 of the Dungeon.
             The game lasted 00:00:46 (1242 turns).

Stomo the Cutter (Demonspawn Gladiator)             Turns: 1242, Time: 00:00:47

Health: -4/23      AC:  4    Str: 14    XL:     2   Next: 82%
Magic:  2/2        EV: 12    Int:  9    God:
Gold:   47         SH:  4    Dex: 14    Spells: 1/1 levels left

rFire   . . .      SeeInvis .   g - +4 dagger
rCold   . . .      Faith    .   (no shield)
rNeg    . . .      Spirit   .   b - +0 leather armour
rPois   .          Reflect  .   c - +0 helmet
rElec   .          Harm     .   (no cloak)
rCorr   .          Rampage  .   (no gloves)
Will    .....                   (no boots)
Stlth   +.........              (no amulet)
HPRegen 0.07/turn               (no ring)
MPRegen 0.08/turn               (no ring)

@: no status effects
A: condensation shield
a: no special abilities


You were on level 2 of the Dungeon.
You visited 1 branch of the dungeon, and saw 2 of its levels.

You collected 47 gold pieces.

Inventory:

Hand Weapons
 a - a +0 rapier
 g - a +4 dagger (weapon)
Missiles
 d - 3 throwing nets (quivered)
Armour
 b - a +0 leather armour (worn)
 c - a +0 helmet (worn)
Scrolls
 i - 2 scrolls of identify {unknown}
Potions
 e - a potion of heal wounds {unknown}
 f - a potion of flight {unknown}
 h - a potion of haste {unknown}


   Skills:
 + Level 2.4 Fighting
 + Level 3.0 Short Blades
 - Level 1.7 Throwing
 + Level 1.0 Armour
 + Level 3.0 Dodging


You had one spell level left.
You didn't know any spells.
Your spell library contained the following spells:

 Spells                   Type           Power      Damage    Failure   Level
 Blink                    Tloc           0%         N/A       58%         2
 Lesser Beckoning         Tloc           0%         N/A       83%         3
 Manifold Assault         Tloc           0%         N/A       100%        5


Dungeon Overview and Level Annotations

Branches:
Dungeon (2/15)

Altars:

Annotations:
D:2 Terence


Innate Abilities, Weirdness & Mutations

A meltable shield of frost defends you. (SH +4)


Message History

You open the door.
There is an open door here.
There is an open door here.
There is an open door here.
You see here a +0 robe.
There is an open door here.
You open the door.
There is an open door here.
Done exploring.
Done exploring.
Done exploring.
Done exploring.
Done exploring.
No target in view!
(D) Dungeon
Where to? (Enter - D:1 @ (x,y), ? - help)
What level of the Dungeon? (default 1, ? - help)
There is a stone staircase leading down here.
You climb downwards.
Terence shouts!
Found a stone staircase leading down.
There is a stone staircase leading up here.
Terence is nearby!
Terence is nearby!
Terence is nearby!
Terence is nearby!
Terence barely misses you.
Unknown command.
You hit Terence but do no damage. Terence misses you.
You hit Terence but do no damage.
Terence hits you with a +1 falchion of electrocution.
You hit Terence.
Terence is lightly wounded.
You block Terence's attack.
You hit Terence.
Terence is moderately wounded.
Terence hits you with a +1 falchion of electrocution.
You are electrocuted!
Ouch! That really hurt!
You die...

#################
................##
#................
#......@@#
#...<..#.#
#....#.#.#
#.#......# #
##.#.....
#........
#........
>#.#..... . .# ###


You could see Terence.

Vanquished Creatures
  A worm (D:2)
  3 bats (D:1)
  2 endoplasms (D:1)
  A giant cockroach (D:2)
  4 jackals (D:1)
  A quokka (D:1)
  A ball python (D:2)
  2 frilled lizards (D:1)
  2 goblins (D:1)
  2 kobolds
  A rat (D:1)
20 creatures vanquished.

Notes
Turn   | Place    | Note
-------+----------+-------------------------------------------
     0 | D:1      | Stomo the Demonspawn Gladiator began the quest for the Orb.
     0 | D:1      | Reached XP level 1. HP: 16/16 MP: 1/1
   367 | D:1      | You fall into a shaft and drop 1 floor!
   376 | D:2      | Gained mutation: A meltable shield of frost defends you.
                  | (SH +4) [demonic ancestry]
   376 | D:2      | Reached XP level 2. HP: 21/22 MP: 2/2
  1096 | D:1      | Reached skill level 1 in Armour
  1235 | D:2      | Noticed Terence
  1242 | D:2      | Slain by Terence

Illustrated notes

Levels and vault maps discovered:
D:1:      eino_arrival_tree_alley, layout_loops_corners
D:2:      layout_basic, uniq_natasha, uniq_terence

Skill      XL: |  1  2 |
---------------+-------+-----
Short Blades   | 3 |  3.0
Dodging        | 3 |  3.0
Armour         | 1 |  1.0
Fighting       | |  2.4
Throwing       | |  1.7

Action                   || total
-------------------------++-------
Melee: Rapier            ||    61
       Dagger            ||    20
Armor: Leather armour    ||    29
Dodge: Dodged            ||    37
Block: Other             ||     6
